 Dungeon Crawl Stone Soup version 0.17-a0-1793-gcbb3aa1 (webtiles) character file.

65 Econoterrorist the Ruffian (level 3, 0/28 HPs)
             Began as a Draconian Transmuter on Sept 9, 2015.
             Was an Initiate of Okawaru.
             Slain by Sigmund
             ... wielding a +2 scythe of freezing
              (2 damage)
             ... on level 3 of the Dungeon.
             The game lasted 00:06:38 (2650 turns).

Econoterrorist the Ruffian (Draconian Transmuter)   Turns: 2650, Time: 00:06:38

Health: 0/28       AC:  5    Str: 12    XL:     3   Next: 94%
Magic:  4/6        EV:  7    Int: 14    God:    Okawaru [......]
Gold:   114        SH:  0    Dex: 11    Spells: 2 memorised, 2 levels left

rFire  . . .     SeeInvis .       - Unarmed
rCold  . . .     Clarity  .     (armour unavailable)
rNeg   . . .     SustAt   .     (no shield)
rPois  .         Gourm    +     (helmet restricted)
rElec  .         Spirit   .     (no cloak)
rCorr  .         Warding  .     (no gloves)
rMut   .         Stasis   .     (no boots)
MR     .....                    j - amulet of the gourmand
Stlth  +.........               (no ring)
                                (no ring)

@: not resistant to hostile enchantments, very unstealthy
A: unfitting armour, cold-blooded, AC +5
a: Renounce Religion


You were on level 3 of the Dungeon.
You worshipped Okawaru.
Okawaru was noncommittal.
You were hungry.

You visited 1 branch of the dungeon, and saw 3 of its levels.

You collected 114 gold pieces.

Inventory:

Jewellery
 j - an amulet of the gourmand (around neck)
Scrolls
 d - 2 scrolls of remove curse {unknown}
 e - 2 scrolls of identify {unknown}
 f - a scroll of magic mapping {unknown}
 g - a scroll of fear {unknown}
 l - a scroll of noise {unknown}
 m - a scroll of enchant weapon {unknown}
 n - 3 scrolls of enchant armour {unknown}
Potions
 a - 2 potions of curing {unknown}
 h - a potion of degeneration {unknown}
 o - a potion of ambrosia {unknown}
Books
 b - a book of Changes

   Spells                             Type                      Level
   a - Beastly Appendage              Transmutation                1
   b - Sticks to Snakes               Transmutation                2
   c - Spider Form                    Transmutation/Poison         3
   d - Ice Form                       Ice/Transmutation            4
   e - Blade Hands                    Transmutation                5
Comestibles
 c - a bread ration
 i - 2 beef jerkies
 k - 2 meat rations


   Skills:
 - Level 1.1 Fighting
 - Level 1.7 Dodging
 - Level 4.3 Unarmed Combat
 - Level 2.0 Spellcasting
 + Level 2.9 Transmutations


You had 2 spell levels left.
You knew the following spells:

 Your Spells              Type           Power        Failure   Level  Hunger
a - Beastly Appendage     Trmt           #.....       10%         1    ##.....
b - Spider Form           Trmt/Pois      #.........   47%         3    ####...


Dungeon Overview and Level Annotations

Branches:
Dungeon (3/15)

Altars:
Okawaru
Trog

Annotations:
D:3 Sigmund


Innate Abilities, Weirdness & Mutations

Your plain brown scales are hard (AC +5).
Your body does not fit into most forms of armour.
You are cold-blooded and may be slowed by cold attacks.


Message History

You climb downwards.
Level annotation: Sigmund Sigmund casts a spell.
Sigmund flickers and vanishes!
Deactivating autopickup; reactivate with Ctrl-A.
There is a stone staircase leading up here.
Your transformation is almost over.
Something closely misses you. Something hits you. Something freezes you.
You hit something. You hit something but do no damage.
Something hits you but does no damage.
You bite something! Something hits you! Something freezes you.
You closely miss something. You miss something. Something closely misses you.
There is a stone staircase leading up here.
Your transformation has ended.
Something hits you!
* * * LOW HITPOINT WARNING * * *
Something freezes you.
You die...

.. ...
#..#.###
#.##...
#.#...#
#.#...# #
#.#...###.###
#............
#....@.#
#.#...##
#.#...#
#@#...#
##.##### #..#
#........./..
#............
#............


There were no monsters in sight!

Vanquished Creatures
  2 adders (D:2)
  A worm (D:2)
  A ball python (D:2)
  3 bats
  10 hobgoblins
  7 kobolds
  5 giant cockroaches
  A giant gecko (D:2)
  2 giant newts
  5 goblins
  4 rats (D:1)
41 creatures vanquished.

Notes
Turn   | Place    | Note
--------------------------------------------------------------
     0 | D:1      | Econoterrorist the Draconian Transmuter began the quest for the Orb.
     0 | D:1      | Reached XP level 1. HP: 16/16 MP: 3/3
   464 | D:1      | Reached XP level 2. HP: 8/23 MP: 3/5
   927 | D:1      | Reached skill level 4 in Unarmed Combat
  1288 | D:2      | Reached XP level 3. HP: 24/28 MP: 6/6
  1293 | D:2      | Learned a level 3 spell: Spider Form
  1904 | D:2      | Found a faded altar to an unknown god.
  2332 | D:2      | Found a bloodstained altar of Trog.
  2348 | D:2      | Found an iron altar of Okawaru.
  2351 | D:2      | Became a worshipper of Warmaster Okawaru
  2572 | D:3      | Noticed Sigmund
  2650 | D:3      | Slain by Sigmund

Vault maps used:
D:1:      dpeg_arrival_arbitrary_b
D:2:      amethyst_overflow_temple_binary, ecumenical_altar_1
D:3:      ashenzari_altar_1, uniq_sigmund

Action                   || total
-------------------------++-------
Melee: Unarmed           ||   193
 Cast: Beastly Appendage ||     7
       Spider Form       ||     1
 Stab: Sleeping          ||     1
  Eat: Chunk             ||     7
       Beef jerky        ||     1
